 Dungeon Crawl Stone Soup version 0.28-a0-969-g2dcde036d2 (webtiles) character file.

Game seed: 8931280763552605130

360 HessuHobo the Ogre Mage (level 6, 0/53 HPs)
             Began as an Ogre Fire Elementalist on Dec 1, 2021.
             Was an Initiate of Vehumet.
             Slain by a hound (2 damage)
             ... on level 5 of the Dungeon.
             The game lasted 00:07:12 (6596 turns).

HessuHobo the Ogre Mage (Ogre Fire Elementalist)    Turns: 6596, Time: 00:07:12

Health: 0/53       AC:  3    Str: 13    XL:     6   Next: 65%
Magic:  1/12       EV:  9    Int: 18    God:    Vehumet [......]
Gold:   164        SH:  0    Dex:  9    Spells: 11/14 levels left

rFire   . . .      SeeInvis .   f - +0 short sword
rCold   . . .      Faith    .   (no shield)
rNeg    . . .      Spirit   .   a - +0 robe
rPois   .          Reflect  .   (helmet restricted)
rElec   .          Harm     .   (no cloak)
rCorr   .          Rampage  .   (gloves unavailable)
Will    .....                   (boots unavailable)
Stlth   +.........              (no amulet)
HPRegen 0.17/turn               (no ring)
MPRegen 0.13/turn               (no ring)

@: lethally poisoned (0 -> -3), very slightly contaminated
A: large, unfitting armour, tough skin 1
a: Renounce Religion


You were on level 5 of the Dungeon.
You worshipped Vehumet.
Vehumet was noncommittal.
You visited 2 branches of the dungeon, and saw 6 of its levels.

You collected 164 gold pieces.

Inventory:

Hand Weapons
 b - a +0 dagger
 f - a +0 short sword (weapon)
 q - a +0 hand axe
Armour
 a - a +0 robe (worn)
Wands
 p - a wand of iceblast (5)
Scrolls
 d - 2 scrolls of magic mapping
 h - a scroll of identify {unknown}
 i - 2 scrolls of teleportation {unknown}
 j - a scroll of amnesia {unknown}
 l - a scroll of immolation {unknown}
 o - a scroll of torment {unknown}
Potions
 c - a potion of brilliance {unknown}
 e - a potion of ambrosia {unknown}
 g - 2 potions of curing {unknown}
 k - a potion of heal wounds {unknown}
 m - a potion of cancellation {unknown}
 n - a potion of invisibility {unknown}


   Skills:
 - Level 1.7 Dodging
 - Level 1.4 Stealth
 + Level 4.5 Spellcasting
 + Level 3.2 Conjurations
 + Level 4.2 Fire Magic
 + Level 1.5 Evocations


You had 11 spell levels left.
You knew the following spells:

 Your Spells              Type           Power      Damage    Failure   Level
a - Foxfire               Conj/Fire      68%        2x1d7     3%          1
b - Scorch                Fire           38%        2d6       3%          2

Your spell library contained the following spells:

 Spells                   Type           Power      Damage    Failure   Level
 Conjure Flame            Conj/Fire      17%        6-21      9%          3
 Inner Flame              Hex/Fire       11%        N/A       17%         3
 Blink                    Tloc           8%         N/A       22%         2
 Flame Wave               Conj/Fire      17%        2d5       30%         4
 Call Canine Familiar     Summ           4%         N/A       38%         3
 Portal Projectile        Hex/Tloc       8%         N/A       38%         3
 Leda's Liquefaction      Hex/Erth       2%         N/A       80%         4
 Manifold Assault         Tloc           4%         N/A       98%         5
 Storm Form               Tmut/Air       2%         N/A       100%        7


Dungeon Overview and Level Annotations

Branches:
Dungeon (5/15)             Temple (1/1) D:4

Altars:
Ashenzari
Cheibriados
Dithmenos
Elyvilon
Gozag
Hepliaklqana
Kikubaaqudgha
Nemelex Xobeh
Okawaru
Qazlal
Ru
Sif Muna
Trog
Uskayaw
Vehumet
Wu Jian
Xom
Yredelemnul
Zin
The Shining One


Innate Abilities, Weirdness & Mutations

You are too large for most types of armour.
You have tough skin. (AC +1)


Message History

The scorpion is no longer more vulnerable to fire.
Casting: Scorch (safe; 3% risk of failure)
Confirm with . or Enter, or press ? or * to list all spells.
You miscast Foxfire.
You are very lightly contaminated with residual magic.
Nothing appears to happen.
You feel very sick. The scorpion closely misses you.
An orc comes into view. It is wielding a +0 flail.
The scorpion barely misses you. The hound bites you.
You feel very sick.
There is an open door here.
Casting: Foxfire (safe; 3% risk of failure)
Confirm with . or Enter, or press ? or * to list all spells.
Flames lash the scorpion.
You kill the scorpion!
Vehumet accepts your kill.
You feel very sick.
You hear a shout!
The hound bites you.
* * * LOW HITPOINT WARNING * * *
You feel sick. The hound bites you.
* * * LOW HITPOINT WARNING * * *
Casting: Scorch (safe; 3% risk of failure)
Confirm with . or Enter, or press ? or * to list all spells.
You miscast Scorch.
Nothing appears to happen.
You feel sick. The hound bites you.
* * * LOW HITPOINT WARNING * * *
Casting: Scorch (safe; 3% risk of failure)
Confirm with . or Enter, or press ? or * to list all spells.
Flames lash something.
* * * LOW HITPOINT WARNING * * *
You feel sick. The hound completely misses you. The hound closely misses you.
Unknown command.
Unknown command.
Unknown command.
Unknown command.
* * * LOW HITPOINT WARNING * * *
You feel sick. The hound bites you.
You die...

+. #.. #. ######.. #.
#########....... ##.
#............### ..
#............### # #.
#............#.. #.#.########
#............#.#
#..#.........†###............#.#
...........o.oh@'............#.#
..........o...###............#.#
.o............# #............#.#
.....#+######## #............#)#
..... #............#.# ..#.
#............#.# . #
#............#.#
#######............#.#
#.......<..........#.#


You could see a hound, an orc priest and 2 orcs.

Vanquished Creatures
  2 scorpions
  2 orc priests (D:4)
  2 hounds
  4 adders
  An ufetubus (D:4)
  An adder skeleton (D:4)
  2 worms
  2 dart slugs
  4 orcs
  4 bats
  5 endoplasms
  2 giant cockroaches
  7 hobgoblins
  2 quokkas (D:1)
  5 ball pythons
  2 frilled lizards
  5 goblins
  8 kobolds
  5 rats
65 creatures vanquished.

Vanquished Creatures (others)
  145 foxfires
145 creatures vanquished.

Grand Total: 210 creatures vanquished

Notes
Turn   | Place    | Note
-------+----------+-------------------------------------------
     0 | D:1      | HessuHobo the Ogre Fire Elementalist began the quest for
                  | the Orb.
     0 | D:1      | Reached XP level 1. HP: 16/16 MP: 3/3
   128 | D:1      | Reached skill level 1 in Conjurations
   473 | D:1      | Reached XP level 2. HP: 6/24 MP: 0/5
  1889 | D:1      | Learned a level 2 spell: Scorch
  2056 | D:1      | Reached XP level 3. HP: 31/31 MP: 3/7
  2339 | D:2      | Found a faded altar of an unknown god.
  3213 | D:2      | Reached XP level 4. HP: 39/39 MP: 6/8
  4137 | D:3      | Reached XP level 5. HP: 43/45 MP: 5/10
  5357 | D:4      | Found a sparkling altar of Nemelex Xobeh.
  5537 | D:4      | Reached skill level 1 in Evocations
  5537 | D:4      | Reached XP level 6. HP: 9/53 MP: 2/12
  5820 | D:4      | Found a staircase to the Ecumenical Temple.
  5988 | Temple   | Entered the Ecumenical Temple
  6325 | Temple   | Became a worshipper of Vehumet
  6397 | D:5      | Entered Level 5 of the Dungeon
  6433 | D:5      | Noticed a sky beast
  6596 | D:5      | HP: 2/53 [poisoned by a scorpion]
  6596 | D:5      | Slain by a hound

Illustrated notes

Levels and vault maps discovered:
D:1:      elethiomel_arrival_infinity_welcomes_careful_drivers, layout_basic,
          minmay_heptomino_o4
D:2:      layout_loops_ring, ebering_ecumenical_altar_webs
D:3:      layout_basic, minmay_misc_feat_ornament, grunt_ministairs_14
D:4:      layout_rooms, mainiacjoe_overflow_tiny_flanked,
          minmay_temple_entry_wispy
D:5:      kennysheep_windowed_halls, layout_basic,
          chequers_serial_rivers_micro_c, chequers_serial_rivers_micro_a,
          uniq_eustachio
Temple:   mainiacjoe_temple_bowtie_tessellation

Skill      XL: |  1  2  3  4  5 |
---------------+----------------+-----
Conjurations   | 1 2 3 |  3.2
Fire Magic     | 3 4 |  4.2
Spellcasting   | 3 4 |  4.5
Evocations     | 1 |  1.5
Dodging        | |  1.7
Stealth        | |  1.4

Action                   |  1- 3 |  4- 6 || total
-------------------------+-------+-------++-------
Melee: Dagger            |    10 |       ||    10
       Short sword       |    15 |     1 ||    16
 Cast: Foxfire           |    47 |    48 ||    95
       Scorch            |    10 |    19 ||    29
  Use: Scroll            |     1 |       ||     1
Armor: Robe              |    16 |     3 ||    19
Dodge: Dodged            |    31 |    11 ||    42

Table legend: (Time is in decaauts)
 A = Elapsed time spent in this place.
 B = Non-inter-level travel time spent in this place.
 C = Inter-level travel time spent in this place.
 D = Time resting spent in this place.
 E = Time spent auto-exploring this place.
 F = Levels seen in this place.
 G = Mean time per level.
                   A        B        C        D        E       F      G
               +--------+--------+--------+--------+--------+-----+--------+
         Total |   6599 |   6435 |    164 |   3125 |   2609 |   6 | 1099.8 |
       Dungeon |   6243 |   6097 |    146 |   3025 |   2404 |   5 | 1248.6 |
        Temple |    355 |    337 |     18 |    100 |    205 |   1 |  355.0 |
               +--------+--------+--------+--------+--------+-----+--------+

Top non-repeatable levels by time:
     D:1: 2329 daAuts
     D:3: 1645 daAuts
     D:2: 1314 daAuts
     D:4: 755 daAuts
  Temple: 355 daAuts
     D:5: 199 daAuts
